 Dungeon Crawl Stone Soup version 0.29-a0-416-g83a48905f1 (webtiles) character file.

Game seed: 16917187732255413317

90 spaghetti the Skirmisher (level 4, -5/52 HPs)
             Began as an Ogre Fighter on May 17, 2022.
             Slain by a goblin
             ... wielding a +0 club
             ... led by Robin
              (6 damage)
             ... on level 2 of the Dungeon.
             The game lasted 00:04:37 (2608 turns).

spaghetti the Skirmisher (Ogre Fighter)             Turns: 2608, Time: 00:04:37

Health: -5/52      AC:  3    Str: 20    XL:     4   Next: 56%
Magic:  4/4        EV:  8    Int: 11    God:
Gold:   64         SH:  8    Dex:  8    Spells: 3/3 levels left

rFire   . . .      SeeInvis .   h - +0 whip (elec) {mace}
rCold   . . .      Faith    .   b - +1 kite shield
rNeg    . . .      Spirit   .   a - +0 robe
rPois   .          Reflect  .   (helmet restricted)
rElec   .          Harm     .   (no cloak)
rCorr   .          Rampage  .   (gloves unavailable)
Will    .....                   (boots unavailable)
Stlth   +.........              (no amulet)
HPRegen 0.17/turn               (no ring)
MPRegen 0.09/turn               (no ring)

@: mighty, brilliant
A: large, unfitting armour, tough skin 1
a: no special abilities


You were on level 2 of the Dungeon.
You visited 1 branch of the dungeon, and saw 2 of its levels.

You collected 64 gold pieces.


Innate Abilities, Weirdness & Mutations

You are too large for most types of armour.
You have tough skin. (AC +1)


   Skills:
 + Level 6.1 Fighting
 - Level 2.6 Dodging
 - Level 3.0 Shields
 - Level 2.7 Unarmed Combat


You had 3 spell levels left.
You didn't know any spells.
Your spell library was empty.

Inventory:

Hand Weapons
 f - a +0 dagger {short}
   (You took it off a kobold on level 1 of the Dungeon)
 h - a +0 whip of electrocution (weapon) {mace}
   (You found it on level 1 of the Dungeon)
Missiles
 g - 18 stones (quivered) {throwing}
 i - 2 poisoned darts {throwing}
Armour
 a - a +0 robe (worn)
 b - a +1 kite shield (worn)

Dungeon Overview and Level Annotations

Branches:
Dungeon (2/15)

Altars:
Uskayaw

Shops:
D:1

=(= ##### ## ..
###§###§###.## ###
###§§.§§§...... #...
..§§##§###.###. ... #
#§#§§§§..... ...
#gg§##.###.# #.#
##########@#)#....... #.#
#..§§§§§§gg#...##.##.
#.####.######§#g#.#.# .?#
#..........§§§#§§.#... ...
##.####.######.#§#.#.#...#.
..............#§§#...##.##
##.####...###.##§#g#......
##.# ###.# #. #§§.##.# #.#
##.# #.# ## #.#. .[ .g


You could see a hobgoblin (strong) and 4 goblins.


Message History

You kill the goblin!
Your Fighting skill increases to level 6!
Items here: ))) ††††.
Robin is nearby!
Robin is nearby!
Robin is nearby!
Robin is nearby!
Robin is nearby!
Robin is nearby!
Robin is nearby!
You are too injured to fight recklessly!
You are too injured to fight recklessly!
You are too injured to fight recklessly!
You are too injured to fight recklessly!
You are too injured to fight recklessly!
You aren't carrying any items that you can evoke.
You aren't carrying any potions.
Unknown command.
Robin shouts!
You hear a shout! 😮 HP[+1]
A goblin comes into view. It is wielding a +0 dagger.
Robin roars a battlecry!
A goblin comes into view. It is wielding a +0 club. x2
The goblin shouts! x2
The goblin shouts!
You hit Robin. Robin hits you with a +0 whip.
* * * LOW HITPOINT WARNING * * *
😨 HP[-5]
You take 5 damage, and now have 23/52 hp.
You whack Robin! Robin hits you with a +0 whip.
* * * LOW HITPOINT WARNING * * *
😨 HP[-3]
You take 3 damage, and now have 20/52 hp.
Unknown command.
You barely miss Robin. You block the hobgoblin's attack.
Robin throws the goblin at you!
* * * LOW HITPOINT WARNING * * *
😨 HP[-2]
You take 2 damage, and now have 18/52 hp.
Unknown command.
You barely miss Robin.
Robin roars a battlecry!
The goblins go into a battle-frenzy!
The goblin hits you but does no damage. The hobgoblin barely misses you.
Robin throws the goblin at you! You block the goblin's attack.
The goblin barely misses you.
The hobgoblin barely misses you. 😨 HP[+1]
You whack Robin!
You kill Robin!
The hobgoblin completely misses you. The goblin hits you with a +0 club.
* * * LOW HITPOINT WARNING * * *
The goblin hits you but does no damage. 😱 HP[-6]
You take 6 damage, and now have 13/52 hp.
Unknown command.
You aren't carrying any potions.
As you read the scroll labelled QOQOVYSKOCYR, it crumbles to dust.
It is a scroll of brand weapon.
Your +0 whip {mace} crackles with electricity.
h - a +0 whip of electrocution (weapon)
{mace} You block the goblin's attack.
The hobgoblin hits you but does no damage.
The goblin completely misses you. The goblin barely misses you.
As you read the scroll labelled UTHYID SOJE, it crumbles to dust.
It is a scroll of enchant armour.
Your +0 kite shield glows green for a moment.
The goblin hits you with a +0 club.
* * * LOW HITPOINT WARNING * * *
The goblin hits you but does no damage.
The hobgoblin hits you but does no damage.
You block the goblin's attack. 😱 HP[-6]
You take 6 damage, and now have 7/52 hp.
The air fills with toxic fumes!
As you read the scroll labelled IBUKHLI REXZAEPS, it crumbles to dust.
It was a scroll of poison.
You block the goblin's attack. x2
You block the hobgoblin's attack. The goblin barely misses you.
As you read the scroll labelled LIXAEK SYODUDA, it crumbles to dust.
You hear a loud clanging noise!
It was a scroll of noise.
You hear an angry hiss.
You block the goblin's attack. x2; The hobgoblin hits you.
* * * LOW HITPOINT WARNING * * *
The goblin hits you with a +0 dagger.
* * * LOW HITPOINT WARNING * * *
😱 HP[-6]
You take 6 damage, and now have 1/52 hp.
Blink to where?
Press: ? - help, Dir - move target Really blink into that cloud of poison gas?
Okay, then.
Blink to where?
Press: ? - help, Dir - move target, f - you Are you sure you want to cancel this blink?
Okay, then.
As you read the scroll labelled YTUXIN ESIUNE, it crumbles to dust.
It was a scroll of blinking.
The goblin no longer looks unusually strong.
The goblin closely misses you. The goblin hits you with a +0 club.
You die...

Skill      XL: |  1  2  3  4 |
---------------+-------------+-----
Unarmed Combat | 2 |  2.7
Fighting       | 5 6 |  6.1
Dodging        | |  2.6
Shields        | |  3.0

Action                   |  1- 3 |  4- 6 || total
-------------------------+-------+-------++-------
Melee: Unarmed           |    72 |       ||    72
       Whip              |   118 |    36 ||   154
Throw: Stone             |    44 |     6 ||    50
       Dart              |     2 |       ||     2
  Use: Potion            |       |     6 ||     6
       Scroll            |       |     5 ||     5
Armor: Robe              |    58 |    15 ||    73
Dodge: Dodged            |    67 |    18 ||    85
Block: Kite shield       |    63 |    23 ||    86

Levels and vault maps discovered:
D:1:      minmay_arrival_plants_in_alcoves, layout_loops_corners, serial_shops,
          nicolae_shop_waterfront, nicolae_square_shop,
          nicolae_shop_advertising_works [nicolae_subvault_shop_adworks],
          minivault_27
D:2:      layout_loops_ring, basic_altar,
          nicolae_concentric_dashed_squares_wild, uniq_robin

Notes
Turn   | Place    | Note
-------+----------+-------------------------------------------
     0 | D:1      | spaghetti the Ogre Fighter began the quest for the Orb.
     0 | D:1      | Reached XP level 1. HP: 24/24 MP: 1/1
     0 | D:1      | magus.rc [v1.9.6]
    61 | D:1      | Found Acucrano's Jewellery Shoppe.
   108 | D:1      | Reached skill level 2 in Unarmed Combat
   497 | D:1      | Found Losuu's Antique Weapon Shop.
   509 | D:1      | Reached XP level 2. HP: 29/32 MP: 2/2
  1223 | D:1      | Reached XP level 3. HP: 40/40 MP: 3/3
  1485 | D:1      | Found Inicono's Jewellery Boutique.
  1683 | D:2      | Found a hide-covered altar of Uskayaw.
  1693 | D:2      | Reached skill level 5 in Fighting
  1932 | D:2      | HP: 8/42 [worm (6)]
  1934 | D:2      | HP: 2/42 [worm (7)]
  2430 | D:2      | Reached XP level 4. HP: 50/50 MP: 4/4
  2574 | D:2      | Noticed Robin
  2595 | D:2      | Reached skill level 6 in Fighting
  2603 | D:2      | Killed Robin
  2603 | D:2      | HP: 13/52 [goblin/+0 club[Robin] (6)]
  2607 | D:2      | HP: 4/52 [hobgoblin[Robin] (4)]
  2607 | D:2      | HP: 1/52 [goblin/+0 dagger[Robin] (3)]
  2608 | D:2      | Slain by a goblin

Vanquished Creatures
  Robin (D:2)
  3 adders (D:2)
  A worm (D:2)
  2 dart slugs
  4 bats (D:1)
  3 giant cockroaches (D:2)
  7 goblins
  6 hobgoblins
  4 jackals (D:1)
  3 quokkas (D:1)
  2 frilled lizards (D:1)
  2 kobolds
  6 rats
44 creatures vanquished.

Table legend:
 A = Non-vault XP
 B = Vault XP
 C = Vault XP percentage of total XP
 D = Non-vault monster count
 E = Vault monster count
 F = Vault count percentage of total count
                 A         B        C        D         E       F
            +---------+---------+-------+---------+---------+-------
      Total |     104 |      25 |  19.4 |      38 |       6 |  13.6
            +---------+---------+-------+---------+---------+-------
        D:1 |      44 |       0 |   0.0 |      25 |       0 |   0.0
        D:2 |      60 |      25 |  29.4 |      13 |       6 |  31.6
            +---------+---------+-------+---------+---------+-------

Illustrated notes

Table legend:
 A = Kills in this place as a percentage of kills in entire the game.
 B = Kills by you in this place as a percentage of kills by you in the entire game.
 C = Kills by friends in this place as a percentage of kills by friends in the entire game.
 D = Other kills in this place as a percentage of other kills in the entire game.
 E = Experience gained in this place as a percentage of experience gained in the entire game.
 F = Experience gained in this place divided by the number of levels of this place that you have seen.
                   A       B       C       D       E      F
               +-------+-------+-------+-------+-------+----------------------
         Total | 100.0 | 100.0 |   N/A |   N/A | 100.0 |  64.5
       Dungeon | 100.0 | 100.0 |   N/A |   N/A | 100.0 |  64.5
               +-------+-------+-------+-------+-------+----------------------

Table legend: (Time is in decaauts)
 A = Elapsed time spent in this place.
 B = Non-inter-level travel time spent in this place.
 C = Inter-level travel time spent in this place.
 D = Time resting spent in this place.
 E = Time spent auto-exploring this place.
 F = Levels seen in this place.
 G = Mean time per level.
                   A        B        C        D        E       F      G
               +--------+--------+--------+--------+--------+-----+--------+
         Total |   2664 |   2642 |     22 |    347 |   1784 |   2 | 1332.0 |
       Dungeon |   2664 |   2642 |     22 |    347 |   1784 |   2 | 1332.0 |
               +--------+--------+--------+--------+--------+-----+--------+

Top non-repeatable levels by time:
     D:1: 2053 daAuts
     D:2: 611 daAuts
